 Dungeon Crawl Stone Soup version 0.25.1-2-g60ff931df9 (webtiles) character file.

Game seed: 3983675194267984628

41 funkygono the Conjurer (level 3, -1/26 HPs)
             Began as a Draconian Conjurer on July 31, 2020.
             Slain by an iguana (5 damage)
             ... on level 2 of the Dungeon.
             The game lasted 00:03:33 (1703 turns).

funkygono the Conjurer (Draconian Conjurer)         Turns: 1703, Time: 00:03:33

Health: -1/26      AC:  5    Str: 10    XL:     3   Next: 32%
Magic:  3/6        EV: 12    Int: 16    God:
Gold:   61         SH:  0    Dex: 11    Spells: 3/6 levels left

rFire    . . .     SeeInvis .   i - +0 dagger
rCold    . . .     Gourm    .   (no shield)
rNeg     . . .     Faith    .   (armour unavailable)
rPois    .         Spirit   .   (helmet restricted)
rElec    .         Reflect  .   (no cloak)
rCorr    .         Harm     .   (no gloves)
MR       .....                  (no boots)
Stlth    ++........             (no amulet)
HPRegen  0.08/turn              (no ring)
MPRegen  0.10/turn              (no ring)

@: no status effects
A: unfitting armour, cold-blooded, AC +5
a: no special abilities


You were on level 2 of the Dungeon.
You were hungry.

You visited 1 branch of the dungeon, and saw 2 of its levels.

You collected 61 gold pieces.

Inventory:

Hand Weapons
 i - a +0 dagger (weapon)
Missiles
 c - 24 stones (quivered)
Potions
 a - a potion of might {unknown}
 e - a potion of heal wounds
 f - a potion of lignification {unknown}
 g - a potion of brilliance {unknown}
Comestibles
 b - a ration
 d - 3 chunks of flesh


   Skills:
 + Level 1.8 Dodging
 + Level 1.8 Stealth
 * Level 2.3 Spellcasting
 * Level 4.9 Conjurations


You had 3 spell levels left.
You knew the following spells:

 Your Spells              Type           Power        Failure   Level  Hunger
a - Magic Dart            Conj           ###.         2%          1    #......
b - Searing Ray           Conj           ###...       4%          2    ###....

Your spell library contained the following spells:

 Spells                   Type           Power        Failure   Level  Hunger
 Dazzling Flash           Conj/Hex       #.....       22%         3    ###....
 Fulminant Prism          Conj/Hex       #.........   58%         4    #####..
 Iskenderun's Mystic Bla  Conj/Tloc      #.......     58%         4    #####..


Dungeon Overview and Level Annotations

Branches:
Dungeon (2/15)

Altars:


Innate Abilities, Weirdness & Mutations

Your plain brown scales are hard. (AC +5)
You cannot fit into any form of body armour.
You are cold-blooded and may be slowed by cold attacks.


Message History

Press: ? - help, Shift-Dir - straight line, f/p - iguana
Aim: an iguana (almost dead)
The magic dart hits the iguana but does no damage.
The iguana is almost dead.
You are feeling hungry.
The iguana closely misses you.
You see here a +0 club.
You see here a +0 dagger.
You see here 11 arrows.
The dart slug launches a dart at you. The slug dart hits you.
* * * LOW HITPOINT WARNING * * *
The goblin shouts!
A giant cockroach comes into view.
A kobold comes into view. It is wielding a +0 short sword.
The giant cockroach closely misses you.
You hit the giant cockroach.
The giant cockroach is severely wounded.
The iguana bites you.
You die...

#....÷.....................
#...........#........<.....
#####......#...................
#..............................
#..##.................÷........
##..#####.......###............
#.# #......<.......##..#####
#..###......s.##...........
#....))....@.#....K..<....#
##.#####...l......##.......#
##.# #.........## .####... #..#
#..g........ .. #.# #.##
##......8...8 .8 .# #.#
###.........#.. ###.#
#......#...###. #...#
#.##........#
#...###.##....#.8...


You could see an iguana, a giant cockroach and a goblin.

Vanquished Creatures
  An adder (D:2)
  2 dart slugs
  A ball python (D:1)
  2 giant cockroaches
  A goblin (D:2)
  4 hobgoblins
  3 bats (D:1)
  5 frilled lizards
  5 kobolds (D:1)
  5 rats
29 creatures vanquished.

Notes
Turn   | Place    | Note
-------+----------+-------------------------------------------
     0 | D:1      | funkygono the Draconian Conjurer began the quest for the
                  | Orb.
     0 | D:1      | Reached XP level 1. HP: 14/14 MP: 3/3
   500 | D:1      | Reached XP level 2. HP: 20/20 MP: 3/5
   525 | D:1      | Learned a level 2 spell: Searing Ray
  1453 | D:2      | Reached XP level 3. HP: 26/26 MP: 0/6
  1703 | D:2      | Slain by an iguana

Illustrated notes

Levels and vault maps discovered:
D:1:      kennysheep_arrival_seaside, layout_loops_ring,
          chequers_serial_rivers_micro_a
D:2:      layout_rooms, nicolae_ashenzari_panopticon, minmay_misc_feat_rows,
          minmay_misc_feat_four_crosses, tgw_xom, uniq_crazy_yiuf_cottage

Action                   || total
-------------------------++-------
Melee: Unarmed           ||     7
       Tailslap          ||     1
       Dagger            ||     5
 Cast: Magic Dart        ||    60
       Searing Ray       ||     3
  Use: Scroll            ||     3
  Eat: Chunk             ||     3
Armor: Skin              ||    13
Dodge: Dodged            ||    30
